[Event "ICC tourney 2181 (40 10)"]
[Site "Internet Chess Club"]
[Date "2020.12.06"]
[Round "2"]
[White "danaglin"]
[Black "orwind"]
[Result "0-1"]
[ICCResult "White resigns"]
[WhiteElo "1507"]
[BlackElo "1620"]
[Opening "Sicilian: Alapin's variation (2.c3)"]
[ECO "B22"]
[NIC "SI.47"]
[Time "13:16:44"]
[PlyCount "68"]
[TimeControl "2400+10"]


1. e4 c5 2. c3 Nf6 3. e5 Nd5 4. d4 cxd4 5. Nf3 Nc6 6. cxd4 d6 7. Bc4 Nb6 8.
Bb3 dxe5 9. Ng5 e6 10. Qf3 Bb4+ 11. Nc3 O-O 12. Qe4 g6 13. Qh4 h5 14. dxe5
Bxc3+ 15. bxc3 Nxe5 16. O-O Bd7 17. Bd1 Qf6 18. Be3 Nc6 19. g4 Qg7 20. gxh5
gxh5 21. Kh1 Ne7 22. Rg1 Ng6 23. Qxh5 Qh8 24. Qg4 e5 25. Qg3 Qg7 26. Bb3
Rae8 27. Nxf7 Rxf7 28. Bxf7+ Kxf7 29. Rad1 Bc6+ 30. f3 Qf6 31. Rgf1 Rd8 32.
Rxd8 Qxd8 33. Bg5 Qd7 34. Qh4 Nxh4 { White resigns } 0-1

[Event "ICC tourney 2181 (40 10)"]
[Site "Internet Chess Club"]
[Date "2020.12.06"]
[Round "2"]
[White "marinaxiao"]
[Black "Mannansh"]
[Result "0-1"]
[ICCResult "White resigns"]
[WhiteElo "1556"]
[BlackElo "1257"]
[Opening "Scandinavian defense"]
[ECO "B01"]
[NIC "SD.03"]
[Time "13:16:45"]
[PlyCount "96"]
[TimeControl "2400+10"]


1. e4 d5 2. exd5 Nf6 3. d4 Bg4 4. f3 Bf5 5. c4 e6 6. dxe6 Nc6 7. exf7+ Kxf7
8. Be3 Bb4+ 9. Nc3 Re8 10. Qd2 Qe7 11. Kf2 Rad8 12. Nge2 Ne5 13. Ng3 Neg4+
14. fxg4 Nxg4+ 15. Kg1 Qxe3+ 16. Qxe3 Nxe3 17. Nxf5 Nxf5 18. a3 Bd6 19. Ne2
Nxd4 20. Nxd4 Bc5 21. g3 Rxd4 22. Kg2 Rd2+ 23. Kh3 Rxb2 24. Bd3 Rf2 25.
Rhb1 Bd4 26. Rf1 Rd8 27. Rxf2+ Bxf2 28. Rf1 Rxd3 29. Rxf2+ Ke6 30. Re2+ Kd6
31. Rf2 Re3 32. Rf7 Re7 33. Rxe7 Kxe7 34. Kg4 Kd6 35. Kf5 Kc5 36. Ke6 Kxc4
37. Kf7 c5 38. Kxg7 Kd4 39. Kxh7 c4 40. Kg7 c3 41. h4 c2 42. h5 c1=Q 43. h6
Qc7+ 44. Kg8 Qxg3+ 45. Kf7 Qh4 46. Kg7 Kc4 47. h7 Kb3 48. h8=Q Qxh8+ {
White resigns } 0-1

[Event "ICC tourney 2181 (40 10)"]
[Site "Internet Chess Club"]
[Date "2020.12.06"]
[Round "2"]
[White "JonesGill"]
[Black "chesslin"]
[Result "0-1"]
[ICCResult "White resigns"]
[WhiteElo "1228"]
[BlackElo "1804"]
[Opening "Robatsch (modern) defense"]
[ECO "B06"]
[NIC "KF.05"]
[Time "13:16:46"]
[PlyCount "86"]
[TimeControl "2400+10"]


1. e4 g6 2. d4 Bg7 3. Nc3 d6 4. Bc4 Nf6 5. Nge2 a6 6. a4 Nc6 7. f3 Nb4 8.
Be3 c6 9. Bb3 d5 10. e5 Nd7 11. Qd2 h5 12. h4 Nf8 13. Nd1 a5 14. Nf2 Be6
15. c3 Na6 16. Bc2 Qd7 17. Nd3 Bf5 18. Ng3 Bxd3 19. Bxd3 Nc7 20. Ne2 c5 21.
Rc1 Nfe6 22. Nf4 Qxa4 23. Nxe6 Nxe6 24. Qe2 c4 25. Bc2 Qd7 26. Kf2 Nc7 27.
Ra1 a4 28. Ra2 Ra6 29. Rha1 b5 30. b3 cxb3 31. Bxb3 Rc6 32. Bd1 Rxc3 33.
Bd2 Rc4 34. Bc2 O-O 35. Bd3 Rxd4 36. Be3 Bxe5 37. Rd1 Rxh4 38. Bg5 Bf6 39.
Bxh4 Bxh4+ 40. Kg1 Bf6 41. Rc2 Rb8 42. Rdc1 Ne6 43. Rb1 Nd4 { White resigns
} 0-1

[Event "ICC tourney 2181 (40 10)"]
[Site "Internet Chess Club"]
[Date "2020.12.06"]
[Round "2"]
[White "SanthoshA"]
[Black "kdbel"]
[Result "0-1"]
[ICCResult "White checkmated"]
[WhiteElo "1541"]
[BlackElo "1892"]
[Opening "French: exchange variation"]
[ECO "C01"]
[NIC "FR.01"]
[Time "13:16:45"]
[PlyCount "80"]
[TimeControl "2400+10"]


1. e4 e6 2. d4 d5 3. exd5 exd5 4. Bd3 Nf6 5. Ne2 Bg4 6. O-O Bd6 7. f3 Bh5
8. Bf4 O-O 9. Bxd6 Qxd6 10. Ng3 Bg6 11. f4 Bxd3 12. Qxd3 Nc6 13. c3 Rfe8
14. Nd2 Ng4 15. h3 Re3 16. Qf5 Nh6 17. Qg5 f6 18. Qh4 Ne7 19. Rae1 Ng6 20.
Qh5 Rxg3 21. Qd1 Nxf4 22. Rf3 Nxg2 23. Nf1 Ne3+ 24. Nxg3 Nxd1 25. Rxd1 Re8
26. Rdf1 Qd7 27. Nh5 Qf7 28. Nf4 Nf5 29. Kh2 Ne3 30. R1f2 Re4 31. Nd3 Qe7
32. Nc5 Qd6+ 33. Kh1 Re7 34. Nxb7 Qa6 35. Nc5 Qxa2 36. Re2 Qb1+ 37. Kh2
Nf1+ 38. Rxf1 Rxe2+ 39. Kg1 Qg6+ 40. Kh1 Qg2# { White checkmated } 0-1

[Event "ICC tourney 2181 (40 10)"]
[Site "Internet Chess Club"]
[Date "2020.12.06"]
[Round "2"]
[White "loveEdinburgh"]
[Black "lmperfectFocus"]
[Result "0-1"]
[ICCResult "White checkmated"]
[WhiteElo "1828"]
[BlackElo "1557"]
[Opening "QGD: Tarrasch defense"]
[ECO "D32"]
[NIC "TD.10"]
[Time "13:16:43"]
[PlyCount "64"]
[TimeControl "2400+10"]


1. d4 d5 2. c4 e6 3. Nc3 c5 4. e3 Nf6 5. Nf3 Nc6 6. Be2 dxc4 7. Bxc4 cxd4
8. exd4 h6 9. O-O a6 10. a3 Bd6 11. h3 b5 12. Ba2 Bb7 13. d5 exd5 14. Nxd5
O-O 15. Nxf6+ Qxf6 16. Qc2 Rac8 17. Bb1 g6 18. Qd2 Ne5 19. Nxe5 Qxe5 20. f4
Bc5+ 21. Kh2 Qh5 22. Qd1 Rfe8 23. Qxh5 gxh5 24. Bf5 Re2 25. Bxc8 Rxg2+ 26.
Kh1 Bc6 27. Be3 Bxe3 28. Bd7 Ba8 29. Bg4 Rxg4+ 30. Kh2 Rg2+ 31. Kh1 Rxb2+
32. Rf3 Bxf3# { White checkmated } 0-1

[Event "ICC tourney 2181 (40 10)"]
[Site "Internet Chess Club"]
[Date "2020.12.06"]
[Round "2"]
[White "magicpup"]
[Black "VincentT2008"]
[Result "1-0"]
[ICCResult "Black resigns"]
[WhiteElo "1522"]
[BlackElo "1743"]
[Opening "Scotch game"]
[ECO "C45"]
[NIC "SO.04"]
[Time "13:16:46"]
[PlyCount "109"]
[TimeControl "2400+10"]


1. e4 e5 2. Nf3 Nc6 3. d4 exd4 4. Nxd4 Qf6 5. Nxc6 Bc5 6. Qf3 bxc6 7. Nc3
d6 8. Bc4 h6 9. Be3 Bxe3 10. Qxe3 Ne7 11. O-O O-O 12. Rfe1 Ng6 13. Rad1 Be6
14. Bxe6 fxe6 15. Qd4 Ne5 16. h3 Rab8 17. b3 a6 18. Rf1 g5 19. Qe3 Rf7 20.
Qg3 Kf8 21. Ne2 Ng6 22. Nc3 Nf4 23. Qe3 Qxc3 24. Qxc3 Ne2+ 25. Kh1 Nxc3 26.
Ra1 Nxe4 27. Rae1 Nxf2+ 28. Kg1 Nxh3+ 29. gxh3 Rxf1+ 30. Rxf1+ Kg7 31. Re1
Rf8 32. Rxe6 Rf7 33. Kg2 c5 34. Re4 Kf6 35. Ra4 Re7 36. Kf3 Kf5 37. Rxa6 h5
38. Ra4 Re1 39. Kf2 Rh1 40. Kg2 Rd1 41. Rc4 Ra1 42. a4 c6 43. Kg3 g4 44.
hxg4+ hxg4 45. Rf4+ Ke5 46. Rxg4 d5 47. Kf3 Ra2 48. Rg2 Kd4 49. c3+ Kxc3
50. Rxa2 d4 51. a5 d3 52. Ke3 Kxb3 53. Rf2 c4 54. a6 c3 55. Kxd3 { Black
resigns } 1-0

[Event "ICC tourney 2181 (40 10)"]
[Site "Internet Chess Club"]
[Date "2020.12.06"]
[Round "2"]
[White "aakashjr"]
[Black "SoaringHawk24"]
[Result "1-0"]
[ICCResult "Black checkmated"]
[WhiteElo "1625"]
[BlackElo "1371"]
[Opening "Giuoco Piano: Möller (Therkatz) attack"]
[ECO "C54"]
[NIC "IG.02"]
[Time "13:16:42"]
[PlyCount "137"]
[TimeControl "2400+10"]


1. e4 e5 2. Nf3 Nc6 3. Bc4 Bc5 4. c3 Nf6 5. d4 exd4 6. cxd4 Bb4+ 7. Nc3
Nxe4 8. O-O Bxc3 9. d5 Bf6 10. Re1 Ne7 11. Rxe4 d6 12. Bg5 Bxg5 13. Nxg5 h6
14. Bb5+ Bd7 15. Bxd7+ Qxd7 16. Qe2 Kf8 17. Nf3 Nxd5 18. Rd1 Nf6 19. Rf4
Re8 20. Qd3 Qe7 21. h3 Nd7 22. Qc4 Ne5 23. Nxe5 dxe5 24. Rf3 g6 25. Rd5 c6
26. Rd6 Kg7 27. Qc5 b6 28. Qxc6 Rc8 29. Qd5 Rc5 30. Rd7 Rxd5 31. Rxe7 Rf8
32. Rxa7 Rb5 33. b3 Ra5 34. Rxa5 bxa5 35. Rc3 Kf6 36. Rc5 Ra8 37. Rc4 Ra7
38. Kf1 Ke6 39. Ra4 Kd5 40. Rc4 Rb7 41. Ke2 f5 42. f3 g5 43. g4 fxg4 44.
hxg4 Kd6 45. Kd3 Rf7 46. Ke3 Kd5 47. Ra4 Ra7 48. b4 Kc6 49. Rxa5 Rb7 50. a3
Kd6 51. Ke4 Re7 52. Ra6+ Kd7 53. Ra7+ Ke6 54. Rxe7+ Kxe7 55. Kxe5 Kf7 56.
Kf5 Kg7 57. b5 Kf7 58. b6 Ke7 59. b7 Kd7 60. b8=Q h5 61. Qb5+ Kc7 62. gxh5
g4 63. h6 gxf3 64. h7 f2 65. h8=Q f1=Q+ 66. Qxf1 Kb6 67. Qb1+ Kc5 68. Qe5+
Kc4 69. Qc2# { Black checkmated } 1-0

[Event "ICC tourney 2181 (40 10)"]
[Site "Internet Chess Club"]
[Date "2020.12.06"]
[Round "2"]
[White "chessmaster0981"]
[Black "ybabji"]
[Result "0-1"]
[ICCResult "White resigns"]
[WhiteElo "1557"]
[BlackElo "1854"]
[Opening "Queen's pawn game, Rubinstein (Colle-Zukertort) variation"]
[ECO "D05"]
[NIC "QP.06"]
[Time "13:16:40"]
[PlyCount "64"]
[TimeControl "2400+10"]


1. d4 Nf6 2. Nf3 d5 3. e3 e6 4. Bd3 c5 5. b3 Nc6 6. O-O cxd4 7. exd4 Bd6 8.
Bb2 a6 9. Ne5 Qc7 10. f4 Nd7 11. a3 Nf8 12. Qh5 h6 13. c4 dxc4 14. bxc4 g6
15. Qh4 Be7 16. Qf2 Nd7 17. Nd2 O-O 18. Qg3 Ndxe5 19. fxe5 Qd8 20. Ne4 Nxd4
21. Nf6+ Kg7 22. Bc1 Rh8 23. Nh5+ Kg8 24. Rxf7 g5 25. Rg7+ Kf8 26. Qf2+ Nf5
27. Bc2 Rg8 28. Rxg8+ Kxg8 29. g4 Qd4 30. Qxd4 Nxd4 31. Bg6 Nf3+ 32. Kg2
Nh4+ { White resigns } 0-1

[Event "ICC tourney 2181 (40 10)"]
[Site "Internet Chess Club"]
[Date "2020.12.06"]
[Round "2"]
[White "couchpotato26"]
[Black "handsomematch"]
[Result "1-0"]
[ICCResult "Black checkmated"]
[WhiteElo "1858"]
[BlackElo "1215"]
[Opening "Scotch gambit"]
[ECO "C44"]
[NIC "SO.06"]
[Time "13:16:46"]
[PlyCount "111"]
[TimeControl "2400+10"]


1. e4 e5 2. Nf3 Nc6 3. d4 exd4 4. Bc4 Bc5 5. O-O d6 6. c3 Nf6 7. cxd4 Bb6
8. Nc3 Bg4 9. Be3 Bxf3 10. gxf3 h6 11. f4 Qd7 12. e5 dxe5 13. fxe5 Qg4+ 14.
Qxg4 Nxg4 15. Rad1 Rd8 16. h3 Nxe3 17. fxe3 O-O 18. Rf5 Ne7 19. Rf3 c6 20.
Rdf1 Nd5 21. Kh2 Ba5 22. e4 Nxc3 23. bxc3 Rd7 24. e6 Bc7+ 25. Kg2 Re7 26.
exf7+ Kh8 27. e5 b5 28. Bb3 a5 29. R1f2 a4 30. Bc2 Bd8 31. Kf1 Rd7 32. Ke2
Bh4 33. Rf1 Bg5 34. Bg6 Re7 35. Kd3 Re6 36. Be4 c5 37. Rf5 cxd4 38. cxd4
Re7 39. Bc6 b4 40. Bxa4 Rc7 41. R5f3 Ra7 42. Bb3 Rc7 43. d5 Rc3+ 44. Kd4
Rc7 45. d6 Rd7 46. Kd5 Bd2 47. e6 Ra7 48. e7 Ra5+ 49. Ke6 Re5+ 50. Kxe5
Bf4+ 51. Rxf4 Rxf7 52. e8=Q+ Kh7 53. Bc2+ Rf5+ 54. Bxf5+ g6 55. Qxg6+ Kh8
56. Qh7# { Black checkmated } 1-0

[Event "ICC tourney 2181 (40 10)"]
[Site "Internet Chess Club"]
[Date "2020.12.06"]
[Round "2"]
[White "avats"]
[Black "Davide25"]
[Result "1/2-1/2"]
[ICCResult "Game drawn by repetition"]
[WhiteElo "1589"]
[BlackElo "1390"]
[Opening "Caro-Kann: exchange variation"]
[ECO "B13"]
[NIC "CK.02"]
[Time "13:16:46"]
[PlyCount "115"]
[TimeControl "2400+10"]


1. e4 c6 2. d4 d5 3. exd5 cxd5 4. Nf3 Nf6 5. Be2 Nc6 6. c3 Bf5 7. O-O e6 8.
Bf4 Bd6 9. Bxd6 Qxd6 10. Bd3 Bxd3 11. Qxd3 O-O 12. Nbd2 Rfd8 13. Rfe1 Rac8
14. h3 Qc7 15. Nb3 b6 16. Nbd2 Qb7 17. Ne5 a5 18. Ndf3 Nxe5 19. Nxe5 Nd7
20. f4 Nf6 21. f5 exf5 22. Qxf5 Ne4 23. Rad1 f6 24. Nd3 Qd7 25. Qxd7 Rxd7
26. Nf2 Nd6 27. Re2 Kf7 28. Rde1 Re8 29. Rxe8 Nxe8 30. Ng4 h5 31. Ne3 g6
32. Kf2 Nc7 33. a4 Re7 34. Nc2 Ne6 35. Ne3 Nf4 36. Rd1 Rd7 37. Kf3 g5 38.
h4 Kg6 39. hxg5 fxg5 40. g3 Ne6 41. Ke2 Nc7 42. Rh1 Re7 43. Kd2 Re4 44. Kd3
Re8 45. Kd2 Rf8 46. Ke2 Rf7 47. Rh2 Re7 48. Kd2 Rf7 49. Ke2 Re7 50. Kd2 Rf7
51. Ke2 Re7 52. Kd2 Rf7 53. Ke2 Re7 54. Kd2 Rf7 55. Ke2 Re7 56. Kd2 Rf7 57.
Ke2 Re7 58. Kd2 { Game drawn by repetition } 1/2-1/2

[Event "ICC tourney 2181 (40 10)"]
[Site "Internet Chess Club"]
[Date "2020.12.06"]
[Round "2"]
[White "yanje03"]
[Black "sanjay2000"]
[Result "1/2-1/2"]
[ICCResult "Game drawn by mutual agreement"]
[WhiteElo "1452"]
[BlackElo "1647"]
[Opening "Sicilian: Nimzovich-Rossolimo attack (with ...g6, without ...d6)"]
[ECO "B31"]
[NIC "SI.31"]
[Time "13:16:41"]
[PlyCount "90"]
[TimeControl "2400+10"]


1. e4 c5 2. Nf3 Nc6 3. Bb5 g6 4. O-O Bg7 5. d3 a6 6. Bxc6 dxc6 7. Nc3 Nf6
8. Be3 b6 9. h3 O-O 10. Qd2 Re8 11. Bh6 Bxh6 12. Qxh6 e5 13. Ng5 Qd6 14.
Rae1 Qf8 15. Qxf8+ Kxf8 16. f4 Kg7 17. Rf2 exf4 18. Rxf4 h6 19. Nxf7 Kxf7
20. Ref1 Kg7 21. Rxf6 Be6 22. e5 b5 23. Ne4 Bd5 24. Nxc5 Rxe5 25. Nd7 Re7
26. Nb6 Raa7 27. Nc8 Rf7 28. Rxf7+ Rxf7 29. b3 Rxf1+ 30. Kxf1 Kf6 31. c4
bxc4 32. bxc4 Be6 33. Nd6 Ke5 34. Nb7 Bf5 35. Na5 Bxd3+ 36. Kf2 c5 37. Ke3
Bf1 38. Kf2 Bd3 39. Ke3 Be4 40. g3 Bg2 41. h4 Kf5 42. Kf2 Be4 43. Nb3 Bd3
44. Nxc5 Bxc4 45. a3 Ke5 { Game drawn by mutual agreement } 1/2-1/2

[Event "ICC tourney 2181 (40 10)"]
[Site "Internet Chess Club"]
[Date "2020.12.06"]
[Round "2"]
[White "RatislavK"]
[Black "duckmaster07"]
[Result "1-0"]
[ICCResult "Black resigns"]
[WhiteElo "1311"]
[BlackElo "1723"]
[Opening "Queen's pawn game, Darooha variation "]
[ECO "D02"]
[NIC "QP.08"]
[Time "13:16:46"]
[PlyCount "101"]
[TimeControl "2400+10"]


1. d4 d5 2. Nf3 Nf6 3. g3 c5 4. Bg2 Nc6 5. O-O Bf5 6. c4 dxc4 7. Ne5 Nxe5
8. dxe5 Qxd1 9. Rxd1 Nd7 10. Bxb7 Rd8 11. Bf4 Nb6 12. Bc6+ Bd7 13. a4 Bxc6
14. Rxd8+ Kxd8 15. a5 Nd5 16. Bd2 g6 17. Na3 Bg7 18. Rd1 Kc7 19. Nxc4 Bb5
20. Na3 Bc4 21. Nxc4 Nb4 22. Bf4 Kc8 23. e4 Rd8 24. Rxd8+ Kxd8 25. b3 Kd7
26. Be3 Kc6 27. Kf1 Kb5 28. Ke2 Nc6 29. f4 h6 30. Bd2 Nd4+ 31. Kd3 Nxb3 32.
Be3 Bf8 33. Kc3 Nxa5 34. Nxa5 Kxa5 35. Bxc5 a6 36. f5 Bg7 37. Kd4 gxf5 38.
exf5 h5 39. Bxe7 Kb5 40. Kd5 a5 41. e6 fxe6+ 42. Kxe6 a4 43. f6 Bxf6 44.
Bxf6 a3 45. Kf5 Kc4 46. Kg5 Kb3 47. Kxh5 a2 48. g4 Kc2 49. g5 Kb1 50. g6
a1=Q 51. Bxa1 { Black resigns } 1-0

[Event "ICC tourney 2181 (40 10)"]
[Site "Internet Chess Club"]
[Date "2020.12.06"]
[Round "2"]
[White "funpawn"]
[Black "Threehundreds"]
[Result "1-0"]
[ICCResult "Black resigns"]
[WhiteElo "1765"]
[BlackElo "1437"]
[Opening "Ruy Lopez: 5.O-O"]
[ECO "C78"]
[NIC "RL.12"]
[Time "13:16:46"]
[PlyCount "103"]
[TimeControl "2400+10"]


1. e4 e5 2. Nf3 Nc6 3. Bb5 a6 4. Ba4 Nf6 5. O-O b5 6. Bb3 Bc5 7. a4 Rb8 8.
axb5 axb5 9. Nxe5 Nxe5 10. d4 Bxd4 11. Qxd4 Nc6 12. Qd3 O-O 13. Nc3 b4 14.
Nd5 Nxd5 15. exd5 Ne5 16. Qg3 d6 17. f4 Nd7 18. Be3 Qf6 19. Rad1 Qg6 20.
Qxg6 hxg6 21. Rfe1 Nf6 22. Bd4 Bb7 23. Bxf6 gxf6 24. Re7 Rbc8 25. Rde1 Ba6
26. Ra1 Bb5 27. Ra7 Rfe8 28. Raxc7 Rxc7 29. Rxc7 Re1+ 30. Kf2 Rf1+ 31. Kg3
Rb1 32. Rc8+ Kg7 33. Rd8 Rxb2 34. Rxd6 Rb1 35. Rb6 Bd7 36. Rxb4 f5 37. Rb7
Be8 38. d6 Rd1 39. Rb6 Bd7 40. Kf2 Be6 41. Bxe6 fxe6 42. Rc6 Kf7 43. c4 Ke8
44. c5 Rd5 45. Rc8+ Kd7 46. Rc7+ Kd8 47. Re7 Rxc5 48. Rxe6 Kd7 49. Rxg6 Rc6
50. h4 Rxd6 51. Rxd6+ Kxd6 52. g4 { Black resigns } 1-0

[Event "ICC tourney 2181 (40 10)"]
[Site "Internet Chess Club"]
[Date "2020.12.06"]
[Round "2"]
[White "atevifred"]
[Black "AbleCompany"]
[Result "1-0"]
[ICCResult "Black resigns"]
[WhiteElo "1846"]
[BlackElo "1568"]
[Opening "English opening"]
[ECO "A05"]
[NIC "QP.11"]
[Time "13:16:46"]
[PlyCount "51"]
[TimeControl "2400+10"]


1. Nf3 Nf6 2. c4 g6 3. g3 Bg7 4. Bg2 O-O 5. O-O d6 6. Nc3 e5 7. d3 a5 8.
Bd2 Na6 9. a3 Nc5 10. b4 axb4 11. axb4 Rxa1 12. Qxa1 Nb3 13. Qa3 Nxd2 14.
Nxd2 c6 15. b5 Qc7 16. Rb1 Be6 17. Qa7 d5 18. bxc6 Qxc6 19. Rb6 Qc8 20.
Rxb7 dxc4 21. Nxc4 Ne8 22. Nd5 Bxd5 23. Bxd5 Qf5 24. Rb8 Nf6 25. Qxf7+ Kh8
26. Rxf8+ { Black resigns } 1-0

[Event "ICC tourney 2181 (40 10)"]
[Site "Internet Chess Club"]
[Date "2020.12.06"]
[Round "2"]
[White "Abhinac123"]
[Black "keb2020"]
[Result "1-0"]
[ICCResult "Black checkmated"]
[WhiteElo "1463"]
[BlackElo "1832"]
[Opening "King's Indian, 3.Nf3"]
[ECO "E61"]
[NIC "KI.76"]
[Time "13:16:46"]
[PlyCount "105"]
[TimeControl "2400+10"]


1. d4 Nf6 2. Nf3 g6 3. c4 Bg7 4. Nc3 d6 5. Bf4 Nc6 6. e3 O-O 7. h3 Nh5 8.
Bh2 f5 9. Be2 f4 10. d5 Nb4 11. O-O fxe3 12. fxe3 Nf6 13. e4 e5 14. a3 Na6
15. b4 Nh5 16. c5 Nf4 17. Bxa6 bxa6 18. Ne2 g5 19. Bg3 h5 20. Rc1 h4 21.
Bxf4 Rxf4 22. Nxf4 gxf4 23. Nh2 Qg5 24. Ng4 Bd7 25. c6 Be8 26. Rb1 Bg6 27.
Qf3 Rb8 28. Rfe1 Bh5 29. Rb3 Kh7 30. Reb1 Rb6 31. b5 a5 32. Rc3 Qg6 33. Rc4
Qe8 34. Ra4 a6 35. Rxa5 Bg6 36. Rxa6 Qb8 37. Rxb6 Qxb6+ 38. Qf2 Qa5 39.
Qxh4+ Kg8 40. Qg5 Bxe4 41. Nf6+ Kf7 42. Nxe4 Qb6+ 43. Kh2 Qe3 44. Qf5+ Kg8
45. Nf6+ Bxf6 46. Qxf6 Qd3 47. Rg1 Qg3+ 48. Kh1 e4 49. Qe6+ Kf8 50. Qxe4
Qxa3 51. Qxf4+ Ke7 52. Re1+ Kd8 53. Qf8# { Black checkmated } 1-0

[Event "ICC tourney 2181 (40 10)"]
[Site "Internet Chess Club"]
[Date "2020.12.06"]
[Round "2"]
[White "andrewf2009"]
[Black "BobbyFissure"]
[Result "0-1"]
[ICCResult "White resigns"]
[WhiteElo "1690"]
[BlackElo "1466"]
[Opening "Sicilian: dragon, Yugoslav attack, Rauser variation"]
[ECO "B76"]
[NIC "SI.17"]
[Time "13:16:46"]
[PlyCount "64"]
[TimeControl "2400+10"]


1. e4 c5 2. Nf3 d6 3. d4 cxd4 4. Nxd4 Nf6 5. Nc3 g6 6. f3 Bg7 7. Be3 O-O 8.
Qd2 Nc6 9. O-O-O Bd7 10. h4 h5 11. Be2 Ne5 12. f4 Neg4 13. Bg1 e5 14. Ndb5
Bxb5 15. Nxb5 Nxe4 16. Qe1 Qf6 17. fxe5 Qf4+ 18. Kb1 Bxe5 19. Bxa7 Ng3 20.
Rg1 Ne3 21. Rd3 Ngf5 22. g3 Qa4 23. Rxe3 Nxe3 24. Bxe3 Qxa2+ 25. Kc1 Qxb2+
26. Kd2 Qb4+ 27. c3 Ra2+ 28. Kd3 Qxb5+ 29. c4 Qb3+ 30. Ke4 f5+ 31. Kf3 Ra3
32. Qf2 Bd4 { White resigns } 0-1

[Event "ICC tourney 2181 (40 10)"]
[Site "Internet Chess Club"]
[Date "2020.12.06"]
[Round "2"]
[White "Fischeresque930"]
[Black "krishghosh"]
[Result "1/2-1/2"]
[ICCResult "Game drawn by mutual agreement"]
[WhiteElo "1781"]
[BlackElo "1520"]
[Opening "Ruy Lopez: Classical defense deferred"]
[ECO "C70"]
[NIC "RL.09"]
[Time "13:16:46"]
[PlyCount "126"]
[TimeControl "2400+10"]


1. e4 e5 2. Nf3 Nc6 3. Bb5 a6 4. Ba4 Bc5 5. d3 b5 6. Bb3 Nf6 7. O-O h6 8.
h3 d6 9. c3 O-O 10. Re1 Re8 11. Nbd2 Be6 12. Nf1 Qd7 13. Be3 Bxe3 14. Nxe3
Bxb3 15. Qxb3 Ne7 16. Rad1 Ng6 17. Nd5 Nxd5 18. Qxd5 c6 19. Qb3 Nf4 20. Re3
a5 21. d4 Ng6 22. dxe5 Nxe5 23. Nxe5 Rxe5 24. Qc2 Rd8 25. Qe2 Qe7 26. a3
Re8 27. Qd3 Rd8 28. Rde1 d5 29. exd5 Rdxd5 30. Qc2 Rxe3 31. Rxe3 Re5 32.
Rxe5 Qxe5 33. Qd2 Qd5 34. Qe2 Kf8 35. f4 g6 36. Kh2 Kg7 37. Kg3 h5 38. Kf2
Qc5+ 39. Qe3 Qxe3+ 40. Kxe3 Kf6 41. Kd4 Kf5 42. Kc5 Kxf4 43. Kxc6 Kg3 44.
Kxb5 Kxg2 45. c4 f5 46. c5 f4 47. c6 f3 48. c7 f2 49. c8=Q f1=Q+ 50. Ka4
Qf4+ 51. Kxa5 Qf5+ 52. Qxf5 gxf5 53. b4 f4 54. b5 f3 55. b6 f2 56. b7 f1=Q
57. b8=Q Qf5+ 58. Qb5 Qxh3 59. a4 Qc3+ 60. Kb6 Qf6+ 61. Kc7 Qe7+ 62. Kc8
Qe6+ 63. Kc7 Qe7+ { Game drawn by mutual agreement } 1/2-1/2

[Event "ICC tourney 2181 (40 10)"]
[Site "Internet Chess Club"]
[Date "2020.12.06"]
[Round "3"]
[White "JonesGill"]
[Black "michaelxiao"]
[Result "1/2-1/2"]
[ICCResult "Game drawn by mutual agreement"]
[WhiteElo "1228"]
[BlackElo "1318"]
[Opening "French: Two knights variation"]
[ECO "C00"]
[NIC "FR.01"]
[Time "15:32:14"]
[PlyCount "83"]
[TimeControl "2400+10"]


1. e4 e6 2. Nc3 d5 3. Nf3 dxe4 4. Nxe4 Be7 5. d4 Nf6 6. Bd3 Nc6 7. c3 O-O
8. Qc2 h6 9. h3 b6 10. O-O Bb7 11. Bf4 Bd6 12. Nxd6 cxd6 13. Rfe1 Re8 14.
Re2 e5 15. dxe5 dxe5 16. Nxe5 Nxe5 17. Bxe5 Qd5 18. f4 Qc5+ 19. Bd4 Rxe2
20. Qxe2 Qc6 21. Qd2 Re8 22. Bxf6 Qxf6 23. Re1 Rxe1+ 24. Qxe1 g6 25. Qe5
Qc6 26. Qe2 Qc5+ 27. Qf2 Qd5 28. Bf1 Qxa2 29. b4 Qd5 30. Qe2 Qc6 31. Qd2
Qf6 32. Qe3 Bc6 33. b5 Bd5 34. Qe5 Qxe5 35. fxe5 Kf8 36. Kf2 Ke7 37. Ke3
Ke6 38. Kd4 g5 39. g3 h5 40. h4 g4 41. Bd3 Bf3 42. c4 { Game drawn by
mutual agreement } 1/2-1/2

[Event "ICC tourney 2181 (40 10)"]
[Site "Internet Chess Club"]
[Date "2020.12.06"]
[Round "3"]
[White "orwind"]
[Black "magicpup"]
[Result "1-0"]
[ICCResult "Black checkmated"]
[WhiteElo "1620"]
[BlackElo "1522"]
[Opening "Ruy Lopez: Berlin defense, 4.O-O, d6"]
[ECO "C66"]
[NIC "RL.02"]
[Time "15:31:56"]
[PlyCount "101"]
[TimeControl "2400+10"]


1. e4 e5 2. Nf3 Nc6 3. Bb5 d6 4. O-O Nf6 5. Nc3 Be7 6. d4 exd4 7. Nxd4 Bd7
8. Nxc6 Bxc6 9. Bxc6+ bxc6 10. Bg5 O-O 11. Qe2 Qd7 12. Rfd1 Qe6 13. Bf4
Rad8 14. e5 dxe5 15. Qxe5 Qxe5 16. Bxe5 Rxd1+ 17. Rxd1 Rd8 18. Bxc7 Rxd1+
19. Nxd1 Bc5 20. Be5 Ng4 21. Bc3 Be7 22. h3 Nf6 23. Kf1 Ne4 24. Ke2 Nxc3+
25. Nxc3 Kf8 26. Kd3 Ke8 27. Ne4 Kd7 28. Kc4 Ke6 29. Nc5+ Bxc5 30. Kxc5 Kd7
31. b4 Kc7 32. c4 a6 33. a4 g6 34. b5 cxb5 35. cxb5 a5 36. b6+ Kb7 37. Kb5
f5 38. Kxa5 g5 39. Kb5 h5 40. f3 g4 41. hxg4 hxg4 42. fxg4 fxg4 43. a5 g3
44. a6+ Ka8 45. Kc6 Kb8 46. a7+ Ka8 47. b7+ Kxa7 48. Kc7 Ka6 49. b8=Q Ka5
50. Qb3 Ka6 51. Qa4# { Black checkmated } 1-0

[Event "ICC tourney 2181 (40 10)"]
[Site "Internet Chess Club"]
[Date "2020.12.06"]
[Round "3"]
[White "Mannansh"]
[Black "avats"]
[Result "0-1"]
[ICCResult "White resigns"]
[WhiteElo "1257"]
[BlackElo "1589"]
[Opening "French: Chigorin variation"]
[ECO "C00"]
[NIC "FR.01"]
[Time "15:31:55"]
[PlyCount "124"]
[TimeControl "2400+10"]


1. e4 e6 2. Qe2 Be7 3. g3 d5 4. Bg2 Nf6 5. e5 Nfd7 6. d4 c5 7. Qg4 Bf8 8.
Nf3 Nc6 9. Be3 cxd4 10. Bxd4 Nxd4 11. Nxd4 Nxe5 12. Qf4 Bd6 13. Qe3 O-O 14.
O-O Nc6 15. Nf3 Qc7 16. Nc3 a6 17. Rad1 Bd7 18. Na4 Ne5 19. Nxe5 Bxe5 20.
Nb6 Rad8 21. Nxd7 Rxd7 22. c4 d4 23. Qe2 b6 24. b3 Rfd8 25. Qd3 g6 26. Rfe1
Bg7 27. Rc1 Qc5 28. a3 a5 29. Ra1 Qe7 30. Reb1 e5 31. f4 exf4 32. gxf4 Qe3+
33. Qxe3 dxe3 34. Ra2 Rd2 35. Rxd2 exd2 36. Rd1 Bh6 37. Kf2 Bxf4 38. Ke2 f5
39. Bd5+ Kg7 40. b4 axb4 41. axb4 Re8+ 42. Kf2 Re1 43. Rxe1 dxe1=Q+ 44.
Kxe1 Bxh2 45. Kf2 Bd6 46. b5 f4 47. Kf3 g5 48. Kg4 Kf6 49. Bf3 h6 50. Bd5
Ke5 51. Kh5 Bf8 52. Kg4 Kd4 53. Bf7 Ke3 54. Kh3 f3 55. Bd5 h5 56. Kg3 Bd6+
57. Kh3 g4+ 58. Kh4 g3 59. Kxh5 g2 60. c5 Bxc5 61. Kh4 g1=Q 62. Kh3 Kf4 {
White resigns } 0-1

[Event "ICC tourney 2181 (40 10)"]
[Site "Internet Chess Club"]
[Date "2020.12.06"]
[Round "3"]
[White "chesslin"]
[Black "Abhinac123"]
[Result "0-1"]
[ICCResult "White resigns"]
[WhiteElo "1804"]
[BlackElo "1463"]
[Opening "Queen's pawn, Mason variation"]
[ECO "D00"]
[NIC "QP.08"]
[Time "15:31:54"]
[PlyCount "70"]
[TimeControl "2400+10"]


1. d4 d5 2. Bf4 Nf6 3. e3 Bf5 4. c4 c6 5. Nc3 e6 6. Qb3 Qb6 7. c5 Qxb3 8.
axb3 Nbd7 9. Nf3 Nh5 10. b4 Nxf4 11. exf4 b5 12. Ne5 Nxe5 13. fxe5 a6 14.
Be2 Be7 15. h4 Kd7 16. g3 g5 17. g4 Bc2 18. Kd2 Bb3 19. h5 Ra7 20. Ra3 Bc4
21. Bf3 f6 22. b3 fxe5 23. bxc4 exd4 24. Ne2 bxc4 25. Nxd4 Rb8 26. Re1 Rxb4
27. Nxe6 Rb2+ 28. Kc1 Rab7 29. Ra1 Rxf2 30. Bd1 Bf6 31. Nf8+ Kd8 32. Ne6+
Kc8 33. Rxa6 Bb2+ 34. Kb1 Bc3+ 35. Kc1 Bd2+ { White resigns } 0-1